 Dungeon Crawl Stone Soup version 0.28.0-53-g5a82cb258f (webtiles) character file.

Game seed: 9728105597923954828

5 Sin92 the Magician (level 1, 0/13 HPs)
             Began as a Demonspawn Hedge Wizard on July 26, 2022.
             Slain by a gnoll
             ... wielding a +0 spear
              (7 damage)
             ... on level 1 of the Dungeon.
             The game lasted 00:00:31 (195 turns).

Sin92 the Magician (Demonspawn Hedge Wizard)         Turns: 195, Time: 00:00:31

Health: 0/13       AC:  2    Str: 10    XL:     1   Next: 66%
Magic:  4/4        EV: 12    Int: 15    God:
Gold:   0          SH:  0    Dex: 12    Spells: 5/6 levels left

rFire   . . .      SeeInvis .   d - +2 dagger (elec)
rCold   . . .      Faith    .   (no shield)
rNeg    . . .      Spirit   .   b - +0 robe
rPois   .          Reflect  .   c - +0 hat
rElec   .          Harm     .   (no cloak)
rCorr   .          Rampage  .   (no gloves)
Will    .....                   (no boots)
Stlth   ++........              (no amulet)
HPRegen 0.04/turn               (no ring)
MPRegen 0.09/turn               (no ring)

@: no status effects
A: no striking features
a: no special abilities


You were on level 1 of the Dungeon.
You visited 1 branch of the dungeon, and saw 1 of its levels.

Inventory:

Hand Weapons
 a - a +0 dagger
 d - a +2 dagger of electrocution (weapon)
Armour
 b - a +0 robe (worn)
 c - a +0 hat (worn)
Scrolls
 e - a scroll of blinking {unknown}


   Skills:
 + Level 0.2 Fighting
 + Level 0.1 Armour
 + Level 1.8 Dodging
 - Level 1.7 Stealth
 + Level 3.0 Spellcasting
 + Level 1.1 Conjurations
 - Level 1.0 Summonings
 + Level 1.0 Translocations


You had 5 spell levels left.
You knew the following spells:

 Your Spells              Type           Power      Damage    Failure   Level
a - Magic Dart            Conj           20%        1d4       13%         1

Your spell library contained the following spells:

 Spells                   Type           Power      Damage    Failure   Level
 Blink                    Tloc           10%        N/A       19%         2
 Slow                     Hex            8%         N/A       21%         1
 Call Imp                 Summ           5%         N/A       21%         2
 Conjure Flame            Conj/Fire      3%         6-21      43%         3
 Mephitic Cloud           Conj/Pois/Air  3%         N/A       45%         3


Dungeon Overview and Level Annotations

Branches:
Dungeon (1/15)

Altars:


Message History

Found an escape hatch in the floor.
Things that are here:
a +0 dagger; a goblin corpse No target in view!
Key pressed, stopping explore.
No target in view!
Found a ring mail.
No target in view!
A quokka and a ball python come into view.
The ball python hisses angrily.
A gnoll comes into view. It is wielding a +0 spear.
There are monsters nearby!
There are monsters nearby!
Found 6 gold pieces.
The ball python barely misses you. The ball python closely misses you.
There are monsters nearby!
You hit the ball python.
You kill the ball python!
The gnoll shouts!
There are monsters nearby!
There are monsters nearby!
The gnoll hits you but does no damage.
There are monsters nearby!
Found a falchion.
The gnoll closely misses you.
There are monsters nearby!
You barely miss the gnoll. The gnoll closely misses you. The quokka misses you.
There are monsters nearby!
You hit the gnoll.
The gnoll is lightly wounded.
The quokka bites you. The gnoll barely misses you.
There are monsters nearby!
You barely miss the gnoll.
The gnoll is lightly wounded.
The quokka misses you. The gnoll closely misses you.
There are monsters nearby!
You hit the gnoll.
The gnoll is moderately wounded.
The quokka bites you. The gnoll hits you with a +0 spear!
Ouch! That really hurt!
You die...

#............#.# .#$
.......>............. .#
......)............. ..)
........#...>. .... ...#
######†.#.######.###..#
≈≈≈≈≈.8................
...≈≈≈.#............#
≈≈..≈≈.###.......[..##.#
≈≈≈..≈.# #......@g.....#
..≈≈.≈.+ #......r....###
≈<≈..≈.+................
≈...≈≈.##.........###...
≈≈≈≈≈..##.........# ..
.≈≈≈..≈#...........# .
.....≈≈#.#.........#
≈≈≈≈≈≈##.####.####..
#######. .# #.


You could see a gnoll and a quokka.

Vanquished Creatures
  2 ball pythons (D:1)
  A goblin (D:1)
  A kobold (D:1)
  A rat (D:1)
5 creatures vanquished.

Notes
Turn   | Place    | Note
-------+----------+-------------------------------------------
     0 | D:1      | Sin92 the Demonspawn Hedge Wizard began the quest for the
                  | Orb.
     0 | D:1      | Reached XP level 1. HP: 13/13 MP: 4/4
    15 | D:1      | Reached skill level 1 in Translocations
   195 | D:1      | Slain by a gnoll

Illustrated notes

Levels and vault maps discovered:
D:1:      psy_arrival_whirlpool, layout_rooms, ebering_ecumenical_altar_box,
          minmay_misc_feat_rows, kennysheep_nondescript

Skill      XL: |  1 |
---------------+----+-----
Translocations | 1 |  1.0
Fighting       | |  0.2
Armour         | |  0.1
Dodging        | |  1.8
Stealth        | |  1.7
Spellcasting   | |  3.0
Conjurations   | |  1.1
Summonings     | |  1.0

Action                   || total
-------------------------++-------
Melee: Dagger            ||    12
Armor: Robe              ||     3
Dodge: Dodged            ||     8
